 Dungeon Crawl Stone Soup version 0.28-a0-194-g42b4daccc1 (webtiles) character file.

Game seed: 13142790199707704548

11653 Ezendos the Fighter (level 11, -1/130 HPs)
             Began as an Ogre Brigand on Aug 18, 2021.
             Was an Elder of Trog.
             Slain by a minotaur (29 damage)
             ... in a Gauntlet.
             The game lasted 00:34:25 (16318 turns).

Ezendos the Fighter (Ogre Brigand)                 Turns: 16318, Time: 00:34:25

Health: -1/130     AC:  7    Str: 17    XL:     11   Next: 81%
Magic:  11/11      EV: 11    Int: 12    God:    Trog [****..]
Gold:   583        SH: 10    Dex: 13    Spells: 10/10 levels left

rFire   . . .      SeeInvis .   d - +1 war axe (vorpal)
rCold   + . .      Faith    .   y - +0 kite shield
rNeg    . . .      Spirit   .   A - +2 robe {Will+}
rPois   +          Reflect  .   (helmet restricted)
rElec   .          Harm     .   c - +1 cloak
rCorr   .          Rampage  .   (gloves unavailable)
Will    ++...      NoTele   +   (boots unavailable)
Stlth   ++........              (no amulet)
HPRegen 0.31/turn               t - ring of protection from cold
MPRegen 0.12/turn               H - ring of poison resistance

@: on berserk cooldown, slowed, very slow
A: large, unfitting armour, tough skin 1
a: Renounce Religion, Berserk, Trog's Hand, Brothers in Arms


You were in a Gauntlet.
You worshipped Trog.
Trog was greatly pleased with you.
You visited 2 branches of the dungeon, and saw 12 of its levels.
You also visited: Gauntlet.

You collected 793 gold pieces.
You spent 210 gold pieces at shops.

Inventory:

Hand Weapons
 a - a +1 broad axe
 d - a +1 vorpal war axe (weapon)
 o - a +2 short sword of flaming
 r - a +2 whip of venom
 z - a +3 scimitar of flaming
Missiles
 e - 3 curare-tipped darts
 f - a throwing net
 k - 3 large rocks
 B - 2 atropa-tipped darts
 G - 4 boomerangs
 L - 67 poisoned darts (quivered)
Armour
 c - a +1 cloak (worn)
 y - a +0 kite shield (worn)
 A - a +2 robe of willpower (worn)
Jewellery
 b - the ring of Zige {rN+ rCorr Str-2 Dex+4}
   (You found it on level 9 of the Dungeon)

   [ring of positive energy]

   Str:       It affects your strength (-2).
   Dex:       It affects your dexterity (+4).
   rN:        It protects you from negative energy.
   rCorr:     It protects you from acid and corrosion.
 m - a ring of protection from fire
 t - a ring of protection from cold (left hand)
 u - a ring of flight
 D - a ring of see invisible
 H - a ring of poison resistance (right hand)
 K - the ring "Jajud" {rElec rN+ Dex+6 Stlth-}
   (You found it in a Gauntlet)

   [ring of dexterity]

   Dex:       It affects your dexterity (+6).
   rElec:     It insulates you from electricity.
   rN:        It protects you from negative energy.
   Stlth:     It makes you less stealthy.
Wands
 s - a wand of flame (17)
 J - a wand of digging (1)
Scrolls
 h - 2 scrolls of enchant armour
 j - 3 scrolls of teleportation
 x - 2 scrolls of blinking
 C - a scroll of fear
 I - a scroll of vulnerability
Potions
 g - 5 potions of curing
 i - 2 potions of flight
 l - 2 potions of heal wounds
 n - 3 potions of lignification
 p - 3 potions of resistance
 q - 3 potions of ambrosia
 v - 2 potions of haste
 w - 2 potions of might
 E - a potion of cancellation
 F - a potion of magic {unknown}


   Skills:
 + Level 14.1 Fighting
 - Level 1.7 Short Blades
 + Level 8.0 Axes
 - Level 2.0 Throwing
 - Level 2.0 Armour
 - Level 5.0 Dodging
 - Level 3.0 Stealth
 - Level 9.0 Shields
 - Level 3.4 Evocations


You had 10 spell levels left.
You didn't know any spells.
Your spell library was empty.

Dungeon Overview and Level Annotations

Branches:
Dungeon (11/15)            Temple (0/1) D:5            Lair (1/6) D:8
    Orc (0/2) D:10        Gauntlet (1/1)

Altars:
Cheibriados
Dithmenos
Fedhas
Gozag
Hepliaklqana
Nemelex Xobeh
Okawaru
Qazlal
Ru
Trog
Yredelemnul
Beogh

Shops:
D:1 (   D:3 [   D:5 [!

Annotations:
D:6 2 transporters
D:8 2 transporters, DOPEyDwarf's ghost, novice GrFi
D:10 1 runed translucent door, Urug; sn0wgr3's ghost, journeyman GrCK Gauntlet 6 transporters


Innate Abilities, Weirdness & Mutations

You are too large for most types of armour.
You have tough skin. (AC +1)


Message History

The minotaur hits you with a +0 bardiche!!
The minotaur barely misses you.
You closely miss the minotaur.
The minotaur furiously retaliates!
The minotaur headbutts you!
The minotaur is moderately wounded.
You hit the minotaur but do no damage.
The minotaur is moderately wounded.
The minotaur hits you with a +0 bardiche!
The minotaur gores you but does no damage.
You hit the minotaur.
The minotaur is moderately wounded.
The minotaur hits you with a +0 bardiche!!
* * * LOW HITPOINT WARNING * * *
The minotaur gores you.
* * * LOW HITPOINT WARNING * * *
You swap places.
Your ogre hits the minotaur with a +0 giant spiked club!
You block the minotaur's attack.
You are too berserk!
You feel a strong urge to attack something.
You are no longer berserk.
You are exhausted.
You feel yourself slow down.
Your ogre barely misses the minotaur.
Your ogre hits the minotaur but does no damage.
The minotaur hits your ogre with a +0 bardiche!!
The minotaur gores your ogre!!
Your ogre dies!
Your ogre's corpse disappears in a puff of smoke!
Okay, then.
Okay, then.
Okay, then.
Okay, then.
Okay, then.
You fail to use your ability.
The minotaur throws a javelin.
The javelin pierces through you but does no damage.
You fail to use your ability.
The minotaur closely misses you.
You fail to use your ability.
The minotaur hits you from afar with a +0 bardiche!!
You die...

##≈.#.=$©.!Y#.#zzzzz#.#.≈##
##.#########.#########.##
#≈.....................≈#
#≈≈≈#≈≈≈#..∩.⌠.∩..#≈≈≈#≈≈≈#
##≈###≈###.......###≈###≈##
## ################## ##
...............#
.⌠.⌠.©.©.⌠.⌠.⌠.#
........@......#
.#.#######H#.### #. #....#
# #.##.# ..........#
.##'##..#.# #..#.# #... #
#.8#


You could see a minotaur.

Vanquished Creatures
  Erica (D:9)
  2 two-headed ogres
  A black mamba (D:8)
  2 freezing wraiths (D:7)
  An unseen horror (D:10)
  A troll (D:10)
  3 hornets (Gauntlet)
  Sigmund (D:5)
  2 centaur simulacra (Gauntlet)
  A flying skull (Gauntlet)
  A wraith (D:7)
  A vampire (D:9)
  11 yaks
  3 steam dragons
  3 wargs
  9 orc warriors
  Duvessa (D:5)
  2 ice beasts
  4 centaurs
  3 ogres
  A phantom (D:6)
  Blork the orc (D:5)
  A kobold brigand (D:9)
  4 scorpions
  A gnoll sergeant (D:6)
  Dowan (D:5)
  A wyvern zombie (D:3)
  9 killer bees
  An electric eel (D:10)
  A howler monkey (D:7)
  A bullfrog zombie (D:3)
  A centaur zombie (D:10)
  4 hounds
  2 jellies
  7 orc priests
  A centaur skeleton (D:5)
  Crazy Yiuf (D:6)
  7 iguanas
  10 orc wizards
  2 killer bee zombies
  The ghost of emme the Chopper, a weakling DsGl (D:3)
  8 gnolls
  A howler monkey zombie (D:8)
  An adder (D:2)
  A white imp (D:6)
  An adder skeleton (D:4)
  A worm (D:2)
  4 dart slugs
  44 orcs
  5 ball pythons
  4 bats
  8 endoplasms
  4 giant cockroaches
  22 goblins
  3 hobgoblins
  4 jackals
  4 kobolds
  2 quokkas
  4 frilled lizards
  5 rats
237 creatures vanquished.

Vanquished Creatures (collateral kills)
  A death knight (D:8)
1 creature vanquished.

Vanquished Creatures (others)
  An orc wizard (D:7)
  5 plants
  2 withered plants (D:1)
8 creatures vanquished.

Grand Total: 246 creatures vanquished

Notes
Turn   | Place    | Note
-------+----------+-------------------------------------------
     0 | D:1      | Ezendos the Ogre Brigand began the quest for the Orb.
     0 | D:1      | Reached XP level 1. HP: 22/22 MP: 1/1
    68 | D:1      | Reached skill level 3 in Fighting
   219 | D:1      | Reached XP level 2. HP: 31/31 MP: 2/2
   342 | D:1      | Found Kauguw's Antique Weapon Shop.
   573 | D:1      | Reached skill level 4 in Fighting
   591 | D:1      | Found a faded altar of an unknown god.
   702 | D:1      | Became a worshipper of Trog the Wrathful
   702 | D:1      | Reached * piety under Trog
  1092 | D:2      | Reached skill level 5 in Fighting
  1092 | D:2      | Reached XP level 3. HP: 42/42 MP: 3/3
  1204 | D:2      | Reached XP level 4. HP: 50/50 MP: 4/4
  1454 | D:2      | Reached skill level 6 in Fighting
  1890 | D:2      | Reached ** piety under Trog
  2218 | D:3      | Reached skill level 1 in Dodging
  2244 | D:3      | Found a runed translucent gate.
  2245 | D:3      | Found a runed translucent gate.
  2245 | D:3      | Found a runed translucent gate.
  2373 | D:3      | Found a blossoming altar of Fedhas.
  2383 | D:3      | Reached XP level 5. HP: 56/61 MP: 5/5
  2434 | D:3      | Noticed an ice beast
  2442 | D:3      | Killed an ice beast
  2443 | D:3      | Reached skill level 7 in Fighting
  2626 | D:3      | Reached XP level 6. HP: 65/71 MP: 6/6
  2827 | D:3      | Found Odogof's Antique Armour Boutique.
  2933 | D:3      | Noticed emme's ghost (weakling DsGl)
  2991 | D:3      | Killed emme's ghost
  3002 | D:3      | Reached skill level 8 in Fighting
  3217 | D:4      | Reached XP level 7. HP: 56/81 MP: 7/7
  3262 | D:3      | Reached skill level 1 in Evocations
  3550 | D:4      | Reached *** piety under Trog
  3551 | D:4      | Reached skill level 9 in Fighting
  4245 | D:5      | Entered Level 5 of the Dungeon
  4285 | D:5      | Found Moidoc's Distillery.
  4304 | D:5      | Reached skill level 1 in Axes
  4308 | D:5      | Noticed Dowan
  4309 | D:5      | Noticed Duvessa
  4335 | D:5      | Killed Duvessa
  4336 | D:5      | Reached XP level 8. HP: 89/92 MP: 8/8
  4339 | D:5      | Killed Dowan
  4540 | D:5      | Bought a potion of lignification for 30 gold pieces
  4540 | D:5      | Bought a potion of haste for 100 gold pieces
  4540 | D:5      | Bought a potion of heal wounds for 50 gold pieces
  4540 | D:5      | Bought a potion of lignification for 30 gold pieces
  4754 | D:5      | Reached skill level 10 in Fighting
  4891 | D:5      | Found a staircase to the Ecumenical Temple.
  5014 | D:5      | Found Cask's Armour Emporium.
  5014 | D:5      | Noticed Sigmund
  5027 | D:5      | Killed Sigmund
  5184 | D:5      | Noticed Blork the orc
  5194 | D:5      | Killed Blork the orc
  5765 | D:6      | Reached skill level 11 in Fighting
  5765 | D:6      | Reached XP level 9. HP: 86/105 MP: 9/9
  6061 | D:6      | Found an iron altar of Okawaru.
  6069 | D:6      | Reached **** piety under Trog
  6267 | D:6      | You fall into a shaft and drop 3 floors!
  6280 | D:9      | Noticed Erica
  6306 | D:9      | Killed Erica
  6307 | D:9      | Reached skill level 5 in Dodging
  6612 | D:9      | Reached skill level 12 in Fighting
  6701 | D:9      | Identified the +0 cloak of the Ten Friends {Contam Fly
                  | Slay+3}
  6721 | D:9      | Identified the ring of Zige {rN+ rCorr Str-2 Dex+4}
  6798 | D:8      | Noticed a freezing wraith
  7116 | D:9      | Reached skill level 5 in Axes
  7376 | D:9      | Reached XP level 10. HP: 102/115 MP: 10/10
  7756 | D:6      | Found a transporter.
  7758 | D:6      | Found a shadowy altar of Dithmenos.
  7780 | D:6      | Found a transporter.
  8014 | D:6      | Found a sacrificial altar of Ru.
  8174 | D:6      | Found a runed translucent door.
  8175 | D:6      | Noticed Crazy Yiuf
  8357 | D:6      | Killed Crazy Yiuf
  8754 | D:7      | Found a snail-covered altar of Cheibriados.
  8758 | D:7      | Found a sparkling altar of Nemelex Xobeh.
  8759 | D:7      | Found a basalt altar of Yredelemnul.
  8974 | D:8      | Found a transporter.
  8978 | D:8      | Noticed DOPEyDwarf's ghost (novice GrFi)
  9011 | D:8      | Found a staircase to the Lair.
  9025 | D:8      | Noticed a death knight
  9120 | D:8      | Found a transporter.
  9174 | D:8      | Reached skill level 5 in Shields
  9332 | D:8      | Noticed a cyclops
  9600 | D:8      | Noticed a two-headed ogre
  9840 | D:8      | Noticed a white ugly thing
  9842 | D:8      | Noticed a black mamba
  9842 | D:8      | a yak changed into a black mamba
  9844 | D:8      | a black mamba changed into a polar bear
 10060 | D:8      | Reached skill level 1 in Armour
 10621 | D:9      | Identified the +1 ring mail "Ugrebbot" {-Tele Will+ Int+2}
 10719 | D:10     | Entered Level 10 of the Dungeon
 11702 | D:10     | Reached skill level 13 in Fighting
 11882 | D:10     | Reached ***** piety under Trog
 12123 | D:10     | Found a staircase to the Orcish Mines.
 12363 | D:10     | Found a runed translucent door.
 12363 | D:10     | Noticed sn0wgr3's ghost (journeyman GrCK)
 12665 | D:10     | Found an opulent altar of Gozag.
 12680 | D:10     | Found an opulent altar of Gozag.
 12688 | D:10     | Found an opulent altar of Gozag.
 12748 | D:10     | Found an opulent altar of Gozag.
 12769 | D:10     | Noticed a green ugly thing
 12769 | D:10     | Noticed Urug
 13149 | D:10     | Received a gift from Trog
 13150 | D:10     | Reached XP level 11. HP: 105/127 MP: 11/11
 13332 | D:10     | Found a hazy altar of Hepliaklqana.
 13389 | D:10     | Noticed a two-headed ogre
 13433 | D:10     | Killed a two-headed ogre
 14835 | Lair:1   | Entered Level 1 of the Lair of Beasts
 15013 | D:8      | Found a stormy altar of Qazlal.
 15372 | D:8      | Killed a death knight
 15719 | D:8      | Upgraded the game from 0.28-a0-178-ga708605c5b to
                  | 0.28-a0-194-g42b4daccc1
 15815 | D:11     | Noticed a two-headed ogre
 15829 | D:11     | Killed a two-headed ogre
 15830 | D:11     | Reached skill level 14 in Fighting
 15877 | D:11     | Found a gate leading to a gauntlet.
 15886 | Gauntlet | Entered a Gauntlet
 15886 | Gauntlet | Found a transporter.
 15886 | Gauntlet | Found a transporter.
 15897 | Gauntlet | Found a transporter.
 15900 | Gauntlet | Found a transporter.
 15912 | Gauntlet | Found a transporter.
 15913 | Gauntlet | Found a transporter.
 15920 | Gauntlet | Found a transporter.
 15936 | Gauntlet | Found a transporter.
 15937 | Gauntlet | Noticed a dire elephant
 15950 | Gauntlet | Found a transporter.
 15954 | Gauntlet | Found a transporter.
 15957 | Gauntlet | Noticed a soul eater
 15962 | Gauntlet | Found a transporter.
 15966 | Gauntlet | Found a transporter.
 16282 | Gauntlet | Identified the ring "Jajud" {rElec rN+ Dex+6 Stlth-}
 16297 | Gauntlet | Noticed a minotaur
 16318 | Gauntlet | Slain by a minotaur

Illustrated notes

Levels and vault maps discovered:
D:1:      roderic_crossed_star, layout_loops_corners,
          ebering_ecumenical_altar_petrified, serial_shops, shop_statue,
          serial_forest, infiniplex_forest_lined_2, infiniplex_forest_join,
          infiniplex_forest_end_double, infiniplex_forest_corner_1,
          infiniplex_forest_clump_small, infiniplex_forest_straight_4,
          infiniplex_forest_clump_curved
D:2:      cheibrodos_greedy_goblins, layout_loops_ring,
          kennysheep_generic_room_5
D:3:      layout_loops_ring, fedhas_altar_fruit_tree,
          gammafunk_ghost_necromancy, serial_shops, nicolae_shop_behind_doors
D:4:      layout_layer_cave, minmay_hedge_maze
D:5:      layout_loops_corners, minmay_temple_entry_stoned_glass, serial_shops,
          shop, nicolae_square_shop, palyth_stone_intersect, uniq_duvessa,
          uniq_sigmund, uniq_blork_the_orc
D:6:      layout_basic, nicolae_ru_the_path_less_chosen,
          gammafunk_temple_overflow_arena, mainiacjoe_overflow_24_doors,
          hangedman_abyss_or_decor_stabs, uniq_crazy_yiuf_cottage
D:7:      layout_rooms, grunt_temple_overflow_open
D:8:      layout_cave_pools, pf_just_have_faith, erik_lair_orcish_takeover,
          enter_bailey_7, nzn_ghost_randoct
D:9:      layout_loops_corners, st_stairs_14, uniq_erica
D:10:     layout_loops_ring, nicolae_gozag_conspicuous_consumption,
          mainiacjoe_overflow_surrounded_room, david_orc_5,
          hellmonk_ghost_big_iron, kennysheep_opposing_triangles, uniq_urug
D:11:     layout_basic, gauntlet_entry_generic, minmay_stone_trees_medium,
          the_hattery
Lair:1:   layout_concentric_octagons, st_stairs_3, serial_bayou_shore_b,
          serial_bayou_shore_b
Gauntlet: minmay_gauntlet_77_indecision
          [minmay_gauntlet_arena_77_tiled_triplets,
          minmay_gauntlet_arena_77_mirror, minmay_gauntlet_arena_77_block_sizes,
          minmay_gauntlet_arena_77_chump_sandwich,
          minmay_gauntlet_arena_77_squiggly,
          minmay_gauntlet_arena_77_hold_the_fort,
          nicolae_gauntlet_exit_dead_adventurers]

Skill      XL: |  1  2  3  4  5  6  7  8  9 10 11 |
---------------+----------------------------------+-----
Stealth        | 3 |  3.0
Fighting       | 3 5 6 7 8 9 11 12 13 14 | 14.1
Dodging        | 1 2 3 4 5 |  5.0
Evocations     | 1 3 |  3.4
Axes           | 1 3 5 6 8 |  8.0
Shields        | 4 6 9 |  9.0
Armour         | 2 |  2.0
Short Blades   | |  1.7
Throwing       | |  2.0

Action                   |  1- 3 |  4- 6 |  7- 9 | 10-12 || total
-------------------------+-------+-------+-------+-------++-------
Melee: Dagger            |    62 |   102 |   201 |   221 ||   586
       Short sword       |       |    50 |    10 |    10 ||    70
       Broad axe         |       |       |    43 |    34 ||    77
       Giant club        |       |       |     3 |       ||     3
       Whip              |       |       |       |   156 ||   156
       Scimitar          |       |       |       |     8 ||     8
       War axe           |       |       |       |    73 ||    73
Throw: Dart              |       |       |       |    31 ||    31
Invok: Berserk           |     2 |     3 |    12 |    17 ||    34
       Trog's Hand       |       |       |     2 |     1 ||     3
       Brothers in Arms  |       |       |       |     3 ||     3
Evoke: Wand              |       |       |       |     2 ||     2
  Use: Scroll            |       |       |    14 |     6 ||    20
       Potion            |       |       |     4 |     1 ||     5
 Stab: Sleeping          |     7 |     8 |     5 |     1 ||    21
       Distracted        |       |       |       |     2 ||     2
Armor: Robe              |    13 |    42 |    79 |   121 ||   255
Dodge: Dodged            |    15 |    71 |   133 |   210 ||   429
Block: Kite shield       |       |       |    52 |   213 ||   265
       Rpst.: Scimitar   |       |       |       |     2 ||     2

Table legend: (Time is in decaauts)
 A = Elapsed time spent in this place.
 B = Non-inter-level travel time spent in this place.
 C = Inter-level travel time spent in this place.
 D = Time resting spent in this place.
 E = Time spent auto-exploring this place.
 F = Levels seen in this place.
 G = Mean time per level.
                   A        B        C        D        E       F      G
               +--------+--------+--------+--------+--------+-----+--------+
         Total |  16645 |  16078 |    567 |   2457 |  10229 |  13 | 1280.4 |
       Dungeon |  16195 |  15628 |    567 |   2413 |  10120 |  11 | 1472.3 |
          Lair |      4 |      4 |      0 |      0 |      0 |   1 |    4.0 |
      Gauntlet |    444 |    444 |      0 |     44 |    109 |   1 |  444.0 |
               +--------+--------+--------+--------+--------+-----+--------+

Top non-repeatable levels by time:
    D:10: 2720 daAuts
     D:8: 2421 daAuts
     D:9: 2279 daAuts
     D:6: 1567 daAuts
     D:7: 1513 daAuts
     D:3: 1375 daAuts
     D:5: 1304 daAuts
     D:2: 1176 daAuts
     D:1: 1049 daAuts
     D:4: 703 daAuts
Gauntlet: 444 daAuts
    D:11: 84 daAuts
  Lair:1: 4 daAuts
